 Dungeon Sprint DCSS version 0.29-a0-392-g297d3b089c (webtiles) character file.

Game seed: 16770370807146719193

4273 mhtbhm the Bludgeoner (level 10, -3/66 HPs)
             Began as a Gargoyle Berserker on May 8, 2022.
             Was an Elder of Trog.
             Slain by a deep troll (10 damage)
             ... in the Dungeon (Sprint II: "The Violet Keep of Menkaure").
             The game lasted 00:06:31 (1922 turns).

mhtbhm the Bludgeoner (Gargoyle Berserker)          Turns: 1922, Time: 00:06:32

Health: -3/66      AC: 22    Str: 24 (25) XL:     10   Next: 31%
Magic:  10/10      EV: 11    Int:  6      God:    Trog [****..]
Gold:   246        SH:  4    Dex:  5      Spells: 9/9 levels left

rFire   + + +      SeeInvis +   a - +1 mace
rCold   + . .      Faith    .   (no shield)
rNeg    + . .      Spirit   .   b - +4 scale mail {rPois}
rPois   ∞          Reflect  .   (no helmet)
rElec   +          Harm     .   d - scarf {shadows}
rCorr   +          Rampage  .   n - +0 pair of gloves
Will    .....      NoTele   +   u - +0 pair of boots
Stlth   +.........              (no amulet)
HPRegen 1.01/turn               e - ring of protection from fire
MPRegen 0.12/turn               (no ring)

@: resistant, on berserk cooldown, flying, slowed, very slow
A: sickness immunity, AC +7, negative energy resistance 1, electricity
resistance, torment resistance 1, petrification resistance, large bone plates 1,
see invisible, clumsy 2, deterioration 1, dopey 1, fire resistance 1, frail 1,
regeneration 1
a: Renounce Religion, Berserk, Trog's Hand, Brothers in Arms


You were in the Dungeon.
You worshipped Trog.
Trog was greatly pleased with you.
You visited 1 branch You collected 922 gold pieces.
You spent 676 gold pieces at shops.

Inventory:

Hand Weapons
 a - a +1 mace (weapon)
Armour
 b - a +4 scale mail of poison resistance (worn)
 d - a scarf of shadows (worn)
 n - a +0 pair of gloves (worn)
 u - a +0 pair of boots (worn)
Jewellery
 e - a ring of protection from fire (left hand)
Scrolls
 c - a scroll of immolation
 h - a scroll of blinking
 k - 3 scrolls of fear
 l - a scroll of enchant weapon
 q - a scroll of amnesia {unknown}
 r - 4 scrolls of identify {unknown}
 s - a scroll of enchant armour {unknown}
Potions
 f - 5 potions of magic
 g - a potion of berserk rage
 i - 2 potions of might {unknown}
 j - 2 potions of degeneration {unknown}
 m - 3 potions of flight
 o - 2 potions of resistance
 t - 4 potions of curing


   Skills:
 + Level 13.8 Fighting
 + Level 15.2 Maces & Flails
 + Level 1.4 Throwing
 + Level 9.1 Armour
 + Level 9.1 Dodging
 + Level 4.3 Stealth
 + Level 2.2 Shields


You had 9 spell levels left.
You didn't know any spells.
Your spell library was empty.

Dungeon Overview and Level Annotations

Branches:
Dungeon (1/1)

Altars:
Cheibriados
Dithmenos
Elyvilon
Fedhas
Gozag
Hepliaklqana
Kikubaaqudgha
Makhleb
Nemelex Xobeh
Okawaru
Qazlal
Ru
Sif Muna
Trog
Uskayaw
Vehumet
Wu Jian
Xom
Yredelemnul
Zin
The Shining One
Beogh
Jiyva
Lugonu

Shops:
D [?:[=?!=[!:!==(

Annotations:
D exclusions: ice statue and oklob plant, Roxanne


Innate Abilities, Weirdness & Mutations

You are immune to sickness and miasma.
Your stone body is resilient. (AC +7)
You are immune to poison.
You resist negative energy. (rN+)
You are resistant to electric shocks. (rElec)
You are resistant to unholy torment.
You are immune to petrification.
You are partially covered in large bone plates. (SH +4)
You have supernaturally acute eyesight. (SInv)
You are very clumsy. (Dex -4)
Your body sometimes deteriorates upon taking damage.
You are dopey. (Int -2)
Your flesh is heat resistant. (rF+)
You are frail. (-10% HP)
Your natural rate of healing is unusually fast.


Message History

Press: ? - help, v - describe, . - travel, g - get item
Here: a deep troll Item here: 27 gold pieces.
The floor.
Found 27 gold pieces.
You feel a strong urge to attack something.
Found 27 gold pieces.
You are no longer berserk.
You are exhausted.
You feel yourself slow down.
Your ogre goes berserk!
Trog will no longer gift you weapons.
Your ogre barely misses the deep troll.
You aren't carrying any items that you can evoke.
Unknown command.
Your ogre barely misses the deep troll.
You block the deep troll's attack. The deep troll claws you!
* * * LOW HITPOINT WARNING * * *
Your body deteriorates!
You feel weakened.
The deep troll claws you but does no damage.
Unknown command.
You sock the deep troll!
The deep troll is moderately wounded.
The deep troll barely misses you.
The deep troll claws you but does no damage. x2
Your ogre hits the deep troll with a +0 giant club!
Unknown command.
You barely miss the deep troll.
The deep troll is moderately wounded.
The deep troll bites you but does no damage.
The deep troll claws you!
* * * LOW HITPOINT WARNING * * *
You block the deep troll's attack.
Your ogre barely misses the deep troll.
You sock the deep troll!
The deep troll is heavily wounded.
The deep troll bites you but does no damage.
The deep troll claws you.
* * * LOW HITPOINT WARNING * * *
The deep troll claws you!
You die...

# #..##.#▓[..[.).[▓▓ #
+..#..#▓.[......▓▓ #
#..#..#▓...:....▓▓
####.^##)#▓.....().▓▓
..###..÷##▓▓▓▓▓▓▓'▓▓▓▓+▓
....≈≈≈≈≈≈≈≈≈≈≈§≈...≈≈≈▓
....≈#'########§###.≈≈≈▓
≈≈..≈#._._._..#†≈§##≈≈≈▓
§≈§.≈#.._._._.#§@§§####▓▓
≈§≈≈≈#._._._._#§T§§≈##$$#
§≈≈≈≈#_._._._.#§≈O≈≈≈#$.#
§≈≈§≈#._._._..#§≈§§§≈'$$+
#≈≈#_._._...#≈≈≈≈≈≈#$.#
#}#≈≈#._._....#§≈≈≈≈≈▓ $#
#'#≈§#_._.....#§≈§§▓▓▓
≈§§≈≈##########≈≈≈≈▓z.
######≈≈≈≈≈≈≈≈§§≈≈≈▓..


You could see a deep troll (ally target) and a friendly ogre (summoned,
berserk).

Vanquished Creatures
  A deep troll (D)
  A yaktaur (D)
  A hornet (D)
  3 polar bears (D)
  A blink frog (D)
  4 neqoxecs (D)
  Menkaure (D)
  4 water moccasins (D)
  4 scorpions (D)
  4 necrophages (D)
  4 tentacles (D)
28 creatures vanquished.

Vanquished Creatures (collateral kills)
  A kraken (D)
1 creature vanquished.

Vanquished Creatures (others)
  12 tentacles (D)
12 creatures vanquished.

Grand Total: 41 creatures vanquished

Notes
Turn   | Place    | Note
-------+----------+-------------------------------------------
     0 | D        | mhtbhm the Gargoyle Berserker began the quest for the Orb.
     0 | D        | Reached XP level 1. HP: 14/14 MP: 1/1
     1 | D        | Noticed a necrophage
     1 | D        | Noticed a necrophage
     1 | D        | Noticed a necrophage
     1 | D        | Noticed a necrophage
     9 | D        | Killed a necrophage
    10 | D        | Reached skill level 5 in Maces & Flails
    10 | D        | Reached XP level 2. HP: 21/22 MP: 2/2
    10 | D        | Reached XP level 3. HP: 25/27 MP: 3/3
    19 | D        | Killed a necrophage
    20 | D        | Reached skill level 6 in Maces & Flails
    20 | D        | Reached XP level 4. HP: 34/34 MP: 4/4
    37 | D        | Killed a necrophage
    37 | D        | Reached ** piety under Trog
    38 | D        | Reached skill level 7 in Maces & Flails
    38 | D        | Reached XP level 5. HP: 6/39 MP: 5/5
    50 | D        | Reached skill level 8 in Maces & Flails
    50 | D        | Reached XP level 6. HP: 9/45 MP: 6/6
   326 | D        | Reached skill level 9 in Maces & Flails
   333 | D        | Reached *** piety under Trog
   334 | D        | Reached skill level 5 in Dodging
   345 | D        | Reached skill level 10 in Maces & Flails
   345 | D        | Reached XP level 7. HP: 28/52 MP: 7/7
   487 | D        | Noticed a neqoxec
   489 | D        | Noticed a neqoxec
   494 | D        | Killed a neqoxec
   495 | D        | Reached skill level 10 in Fighting
   495 | D        | Reached skill level 5 in Armour
   502 | D        | Killed a neqoxec
   503 | D        | Reached skill level 11 in Maces & Flails
   545 | D        | Noticed Roxanne
   557 | D        | Reached **** piety under Trog
   671 | D        | Noticed a neqoxec
   673 | D        | Gained mutation: You tend to lose your temper in combat. [a
                  | neqoxec]
   678 | D        | Gained mutation: You have hidden genetic defects. [a
                  | neqoxec]
   682 | D        | Killed a neqoxec
   683 | D        | Reached XP level 8. HP: 49/59 MP: 8/8
   700 | D        | Gained mutation: You often lose your temper in combat.
                  | [hidden defects]
   706 | D        | Found Lechu's Distillery.
   706 | D        | Found Edghi's Jewellery Shop.
   707 | D        | Found Dorhekar's Distillery.
   707 | D        | Found Myus's Book Boutique.
   708 | D        | Found Vyisiw's Antique Armour Boutique.
   708 | D        | Found Urhy's Antique Weapon Shop.
   708 | D        | Found Ihogro Ipsa's Jewellery Shop.
   709 | D        | Noticed a blink frog
   720 | D        | Killed a blink frog
   721 | D        | Reached skill level 12 in Maces & Flails
   721 | D        | Reached skill level 1 in Stealth
   867 | D        | Found Eschuopod's Distillery.
   867 | D        | Found Qitty's Magic Scroll Boutique.
   867 | D        | Found Jauck's Jewellery Boutique.
   921 | D        | Found Higgehaq's Jewellery Boutique.
   921 | D        | Found Juafood's Antique Armour Shop.
   921 | D        | Noticed Menkaure
   921 | D        | Noticed an ice dragon
   921 | D        | Noticed an oklob plant
   922 | D        | Found Fiutui's Magic Scroll Shop.
   922 | D        | Found Jaog Ijo's Armour Boutique.
   922 | D        | Found Papugeduu's Book Shoppe.
   932 | D        | Killed Menkaure
   932 | D        | Reached ***** piety under Trog
   947 | D        | Gained mutation: You are clumsy. (Dex -2) [hidden defects]
   947 | D        | Lost mutation: You have hidden genetic defects. [hidden
                  | defects expressed]
   950 | D        | Noticed a manticore
   958 | D        | Noticed a wyvern
   959 | D        | Bought a potion of mutation for 96 gold pieces
   959 | D        | Lost mutation: You often lose your temper in combat.
                  | [potion of mutation]
   959 | D        | Lost mutation: You tend to lose your temper in combat.
                  | [potion of mutation]
   959 | D        | Gained mutation: You have supernaturally acute eyesight.
                  | (SInv) [potion of mutation]
   959 | D        | Gained mutation: Your natural rate of healing is unusually
                  | fast. [potion of mutation]
   959 | D        | Gained mutation: Your flesh is heat resistant. (rF+)
                  | [potion of mutation]
   978 | D        | Noticed a boulder beetle
   978 | D        | Noticed a boulder beetle
   990 | D        | Noticed a wyvern
   991 | D        | Noticed a wyvern
  1025 | D        | Bought a runed scale mail for 154 gold pieces
  1030 | D        | Bought an embroidered scarf for 176 gold pieces
  1092 | D        | Bought a ring of protection from fire for 250 gold pieces
  1112 | D        | Noticed a flying skull
  1112 | D        | Noticed a flying skull
  1112 | D        | Noticed a flying skull
  1113 | D        | Noticed a flying skull
  1113 | D        | Noticed a flying skull
  1113 | D        | Noticed a flying skull
  1113 | D        | Noticed a flying skull
  1114 | D        | Noticed a flying skull
  1114 | D        | Noticed a flying skull
  1114 | D        | Noticed a flying skull
  1127 | D        | Found a glowing silver altar of Zin.
  1128 | D        | Found a glowing golden altar of the Shining One.
  1128 | D        | Found a basalt altar of Yredelemnul.
  1129 | D        | Found a shimmering altar of Xom.
  1129 | D        | Found a bloodstained altar of Trog.
  1129 | D        | Found a hide-covered altar of Uskayaw.
  1130 | D        | Found an ornate altar of the Wu Jian Council.
  1130 | D        | Found a shimmering blue altar of Sif Muna.
  1130 | D        | Found a corrupted altar of Lugonu.
  1131 | D        | Found a sacrificial altar of Ru.
  1131 | D        | Found an ancient bone altar of Kikubaaqudgha.
  1132 | D        | Found a stormy altar of Qazlal.
  1132 | D        | Found a viscous altar of Jiyva.
  1133 | D        | Found a hazy altar of Hepliaklqana.
  1133 | D        | Found a snail-covered altar of Cheibriados.
  1134 | D        | Noticed a yaktaur
  1134 | D        | Noticed a hornet
  1134 | D        | Noticed a polar bear
  1134 | D        | Noticed a polar bear
  1141 | D        | Killed a polar bear
  1147 | D        | Killed a polar bear
  1148 | D        | Reached skill level 13 in Maces & Flails
  1152 | D        | Killed a hornet
  1153 | D        | Reached XP level 9. HP: 62/65 MP: 9/9
  1153 | D        | Noticed a polar bear
  1158 | D        | Killed a polar bear
  1165 | D        | Killed a yaktaur
  1166 | D        | Reached skill level 14 in Maces & Flails
  1345 | D        | Found a shadowy altar of Dithmenos.
  1353 | D        | Noticed a kraken
  1523 | D        | Gained mutation: You are dopey. (Int -2) [a neqoxec]
  1530 | D        | Gained mutation: You are frail. (-10% HP) [a neqoxec]
  1535 | D        | Gained mutation: You are very clumsy. (Dex -4) [a neqoxec]
  1542 | D        | Gained mutation: You are partially covered in large bone
                  | plates. (SH +4) [a neqoxec]
  1545 | D        | Gained mutation: Your body sometimes deteriorates upon
                  | taking damage. [a neqoxec]
  1628 | D        | Killed a kraken
  1629 | D        | Reached skill level 1 in Throwing
  1629 | D        | Reached skill level 1 in Shields
  1629 | D        | Reached XP level 10. HP: 6/65 MP: 10/10
  1764 | D        | Found a white marble altar of Elyvilon.
  1773 | D        | Reached skill level 15 in Maces & Flails
  1774 | D        | Found a blossoming altar of Fedhas.
  1829 | D        | Found an opulent altar of Gozag.
  1829 | D        | Found a burning altar of Makhleb.
  1830 | D        | Found a sparkling altar of Nemelex Xobeh.
  1831 | D        | Found an iron altar of Okawaru.
  1831 | D        | Found a radiant altar of Vehumet.
  1842 | D        | Noticed an ice statue
  1899 | D        | Noticed a deep troll
  1912 | D        | Noticed a deep troll
  1913 | D        | Killed a deep troll
  1922 | D        | Slain by a deep troll

Illustrated notes

Levels and vault maps discovered:
D:        the_violet_keep_of_menkaure [sprint2_stairs_cluster_1,
          sprint2_shoproom, sprint2_temple, sprint2_basic_supplies,
          sprint2_obstacle_6, sprint2_obstacle_2, sprint2_obstacle_1,
          sprint2_obstacle_3, sprint2_obstacle_4, sprint2_timed_cluster_1,
          sprint2_smallroom_cluster_1, sprint2_smallroom_final_cluster_1,
          sprint2_transparent_cluster_1, sprint2_second_timed_cluster_1,
          sprint2_sniper_area_1, sprint2_heavy_combat_area_1,
          sprint2_mutation_trap_area_1, sprint2_forest_area_1,
          sprint2_light_combat_area_1, sprint2_behind_water_1,
          sprint2_near_end_vault_1]

Skill      XL: |  1  2  3  4  5  6  7  8  9 10 |
---------------+-------------------------------+-----
Fighting       | 6 7 8 9 10 12 13 | 13.8
Maces & Flails | 5 6 7 8 10 11 13 14 15 | 15.2
Armour         | 3 4 5 7 9 |  9.1
Dodging        | 2 3 4 5 6 7 8 9 |  9.1
Stealth        | 2 4 |  4.3
Throwing       | 1 |  1.4
Shields        | 1 2 |  2.2

Action                   |  1- 3 |  4- 6 |  7- 9 | 10-12 || total
-------------------------+-------+-------+-------+-------++-------
Melee: Mace              |    15 |    63 |   112 |    48 ||   238
Throw: Javelin           |       |       |     3 |       ||     3
Invok: Berserk           |     1 |       |     3 |     1 ||     5
       Brothers in Arms  |       |       |     2 |     1 ||     3
       Trog's Hand       |       |       |     1 |       ||     1
  Use: Potion            |     1 |     2 |     2 |     2 ||     7
       Scroll            |       |       |     3 |       ||     3
Armor: Animal skin       |     2 |    19 |     6 |       ||    27
       Scale mail        |       |       |    28 |    34 ||    62
Dodge: Dodged            |     7 |    34 |    45 |    30 ||   116
Block: Other             |       |       |     4 |    11 ||    15

Table legend: (Time is in decaauts)
 A = Elapsed time spent in this place.
 B = Non-inter-level travel time spent in this place.
 C = Inter-level travel time spent in this place.
 D = Time resting spent in this place.
 E = Time spent auto-exploring this place.
 F = Levels seen in this place.
 G = Mean time per level.
                   A        B        C        D        E       F      G
               +--------+--------+--------+--------+--------+-----+--------+
         Total |   1964 |   1964 |      0 |   1108 |      0 |   1 | 1964.0 |
       Dungeon |   1964 |   1964 |      0 |   1108 |      0 |   1 | 1964.0 |
               +--------+--------+--------+--------+--------+-----+--------+

Top non-repeatable levels by time:
       D: 1964 daAuts
